Map: Nightscape LE

Players

TbF - Winner!

  • Race: Terran Terran
  • League: Diamond
  • Spawn Location: 1:00

Benden - Winner!

  • Race: Terran Terran
  • League: Diamond
  • Spawn Location: 1:00

qqq

  • Race: Zerg Zerg
  • Spawn Location: 7:00

Massa

  • Race: Terran Terran
  • League: Platinum
  • Spawn Location: 7:00

VOD

Have the link to the VOD?

Description

Time

  • Played on: March 15, 2021, 3:39 p.m.
  • Length: 21:31
Show
View Real Time Build Order
Export as new Build Order

TbF Terran - Winner!

Build Orders: 1/1/1 

Get SALT Encoding   

  12  0:10  SCV  
  13  0:22  SCV, Supply Depot  
  14  0:30  Refinery  
  14  0:32  Refinery  
  14  0:47  Barracks  
  14  0:52  SCV  
  15  1:04  SCV  
  16  1:16  SCV  
  17  1:28  SCV  
  18  1:37  Factory, Marine  
  19  1:44  Orbital Command  
  19  1:52  Supply Depot  
  19  2:04  Marine  
  20  2:10  SCV  
  21  2:22  Marine  
  22  2:24  Starport, Widow Mine  
  22  2:28  SCV  
  25  2:40  SCV, Marine  
  27  2:46  Widow Mine  
  27  2:47  Supply Depot  
  29  2:59  SCV  
  30  3:08  Medivac  
  30  3:09  Widow Mine  
  34  3:16  Command Center  
  34  3:19  SCV  
  35  3:25  Supply Depot  
  35  3:33  Factory Tech Lab  
  35  3:41  Starport  
  35  3:47  Barracks Tech Lab  
  35  3:56  Fusion Core  
  35  3:58  SCV  
  36  4:10  SCV  
  33  4:46  Marine  
  32  5:10  Starport Tech Lab  
  32  5:11  Starport Tech Lab  
  32  5:13  Siege Tank  
  35  5:15  Starport  
  35  5:19  SCV  
  36  5:22  Orbital Command  
  36  5:24  Marauder  
  36  5:26  Refinery  
  38  5:30  Battlecruiser  
  38  5:31  Refinery, SCV  
  38  5:34  Supply Depot  
  45  5:46  SCV  
  46  5:58  SCV  
  44  6:26  Starport Tech Lab  
  44  6:27  Battlecruiser  
  50  6:35  Refinery  
  42  7:09  Engineering Bay  
  42  7:36  SCV x2  
  44  7:37  Siege Tank  
  44  7:39  Battlecruiser  
  53  7:48  SCV x2  
  55  7:55  Marine  
  56  8:00  SCV x2  
  58  8:31  Missile Turret  
  52  8:34  Missile Turret  
  52  8:35  Missile Turret  
  52  8:38  Missile Turret  
  52  8:45  Marine  
  52  8:46  Stimpack  
  52  8:47  Siege Tank  
  56  8:49  Barracks  
  56  8:58  Barracks  
  56  9:00  Barracks  
  56  9:03  Supply Depot  
  56  9:12  SCV  
  56  9:13  SCV  
  58  9:25  SCV  
  49  9:50  SCV  
  49  9:51  SCV  
  51  9:53  Missile Turret x2  
  51  10:01  Missile Turret  
  51  10:04  Barracks Reactor, Barracks Tech Lab x2  
  51  10:09  Barracks  
  51  10:15  Missile Turret  
  51  10:18  SCV x2  
  53  10:22  Supply Depot  
  53  10:24  Terran Infantry Weapons Level 1  
  53  10:29  Engineering Bay  
  53  10:30  SCV x2  
  56  10:42  SCV  
  56  10:46  Command Center, Siege Tank  
  56  10:47  Marine x2  
  56  10:48  Marauder x3  
  67  10:50  Concussive Shells, Combat Shield  
  67  10:56  Terran Infantry Armor Level 1, Armory  
  67  10:57  SCV  
  67  10:59  Barracks Reactor  
  68  11:04  Supply Depot  
  68  11:15  SCV x2  
  70  11:19  Marine x3, Siege Tank  
  70  11:20  Marauder  
  67  11:43  Marine x3  
  67  11:44  Marauder x3, Marine  
  68  12:01  Marine x3  
  68  12:05  Marauder  
  68  12:06  Marauder  
  75  12:26  Marine x2  
  75  12:27  Marauder, Marine  
  75  12:29  Supply Depot  
  80  12:30  Command Center  
  80  12:34  Command Center  
  80  12:43  Missile Turret  
  80  12:46  Missile Turret  
  80  12:49  SCV x2, Missile Turret  
  82  12:51  Medivac  
  84  13:01  SCV x2  
  84  13:11  Missile Turret  
  84  13:13  Marine x3  
  84  13:14  Marine  
  84  13:18  SCV x2  
  90  13:30  SCV x2, Missile Turret  
  90  13:31  Medivac  
  90  13:32  Medivac  
  96  13:37  Supply Depot  
  96  13:43  Medivac  
  96  13:47  Orbital Command  
  98  13:54  Marine  
  99  13:58  Terran Infantry Weapons Level 2  
  99  14:00  Terran Infantry Armor Level 2  
  99  14:01  Medivac  
  101  14:02  Marine  
  101  14:03  Marine  
  101  14:04  SCV  
  101  14:06  Orbital Command  
  101  14:07  SCV  
  105  14:12  SCV  
  105  14:16  SCV, Medivac x2  
  111  14:25  Supply Depot  
  111  14:28  Marine x5  
  111  14:29  Marauder, Marine  
  119  14:31  Terran Vehicle And Ship Armor Level 1  
  119  14:33  SCV x3  
  122  14:46  Marine x2  
  122  14:47  Marauder x2  
  122  14:50  Supply Depot  
  128  14:58  Medivac x3, Siege Tank  
  137  15:13  Supply Depot  
  118  15:20  Marine  
  113  15:21  Marine x6  
  117  15:28  Medivac  
  113  15:38  Marine  
  113  15:39  Marine x2  
  113  15:40  Marauder x3, Marine  
  114  15:54  Medivac x2  
  114  15:55  Siege Tank  
  114  15:56  Marine  
  114  15:57  Marine x3  
  122  15:58  Medivac  
  122  15:59  SCV x4  
  122  16:00  Marine x3  
  134  16:08  Barracks  
  134  16:09  Barracks x2  
  134  16:10  Barracks  
  134  16:11  SCV x2, Barracks x2  
  136  16:12  Barracks  
  136  16:13  Refinery x2  
  136  16:14  Marine x2  
  138  16:19  Marauder x2, Command Center  
  142  16:29  Terran Infantry Weapons Level 3  
  142  16:32  Terran Infantry Armor Level 3  
  142  16:44  Siege Tank  
  142  16:45  Marine x6  
  142  16:46  Marine  
  152  16:53  Refinery  
  152  16:54  SCV x3  
  152  16:55  Refinery  
  152  16:58  Supply Depot  
  155  17:03  Marine x2  
  132  17:44  Marine x2  
  132  17:45  Marauder, Marine x4  
  101  17:52  Medivac x3  
  101  17:55  SCV  
  101  17:56  SCV x2  
  101  17:57  Orbital Command  
  103  18:02  Marine x4  
  103  18:03  Marauder x2  
  103  18:04  Missile Turret x2  
  111  18:07  Marauder  
  111  18:12  Orbital Command  
  113  18:13  Barracks Reactor x4  
  113  18:14  Barracks Tech Lab x3  
  102  18:20  Marine x4  
  102  18:22  Medivac  
  102  18:24  Marauder, Marine  
  110  18:27  Medivac  
  110  18:28  Marauder  
  114  18:37  Marine  
  114  18:38  Marine x3  
  118  18:42  Marauder  
  118  18:46  Marauder  
  122  18:49  Marine, Supply Depot  
  122  18:52  Marauder  
  122  18:53  Marauder x2, Marine  
  122  18:54  Marine x3  
  133  18:55  Marine  
  133  18:56  Marine x3  
  137  19:04  Marauder  
  137  19:07  Marauder x2  
  143  19:12  Supply Depot  
  143  19:13  Marauder  
  143  19:14  Marauder x2  
  149  19:21  Medivac x3  
  155  19:25  Marauder  
  155  19:29  Marauder  
  159  19:33  Command Center  
  159  19:36  Marine x3  
  159  19:37  Marauder  
  159  19:38  Marauder x3  
  170  19:46  Marauder  
  170  19:50  Marauder  
  170  19:51  Medivac  
  176  19:59  Marauder x4  
  184  20:00  Marine x6  
  184  20:01  Marine x6  
  196  20:08  Marauder  
  196  20:11  Marine  
  186  20:25  Marine  
  186  20:26  Marauder, Marine x11  
  189  20:28  Missile Turret  
  189  20:35  Marine  
  189  20:36  Marine x4  
  189  20:40  Medivac  
  196  20:43  Marine  
  196  20:47  Missile Turret  
  196  20:48  Marauder  
  199  20:54  Marauder x2  
Show
View Real Time Build Order
Export as new Build Order

Benden Terran - Winner!

Build Orders: 2 Factory, Hellion Opening, Mech 

Get SALT Encoding   

  12  0:00  SCV  
  13  0:12  SCV  
  14  0:17  Supply Depot  
  14  0:24  SCV  
  15  0:31  Refinery  
  15  0:39  SCV  
  16  0:44  Barracks  
  16  0:51  SCV  
  16  0:56  Refinery  
  17  1:03  SCV  
  18  1:15  SCV  
  19  1:31  Orbital Command  
  19  1:33  Factory  
  19  1:42  Barracks Reactor  
  19  1:51  Supply Depot  
  19  1:58  SCV  
  20  2:10  SCV  
  21  2:26  Command Center  
  21  2:29  Hellion x2  
  25  2:32  SCV  
  26  2:47  SCV  
  26  2:49  Supply Depot  
  26  2:50  Hellion x2  
  31  3:11  Barracks Tech Lab, SCV  
  32  3:14  Factory  
  32  3:17  Hellion x2  
  36  3:23  Engineering Bay  
  36  3:28  Supply Depot  
  36  3:30  SCV  
  29  4:05  Factory  
  29  4:06  Widow Mine x2  
  29  4:07  Orbital Command  
  33  4:11  SCV  
  33  4:16  Armory, Missile Turret  
  34  4:23  Siege Tank  
  37  4:27  SCV  
  38  4:38  Widow Mine  
  40  4:39  SCV  
  40  4:40  Widow Mine  
  40  4:43  SCV  
  44  4:55  Siege Tank  
  44  4:57  Factory Tech Lab  
  47  5:00  Supply Depot  
  47  5:02  Widow Mine  
  47  5:03  Widow Mine  
  51  5:22  SCV x2  
  51  5:26  Hellion x2  
  51  5:27  Siege Tank x2  
  63  5:34  SCV  
  60  5:54  Widow Mine x2  
  64  5:59  Siege Tank  
  60  6:14  Cyclone  
  61  6:41  SCV  
  61  6:43  Missile Turret  
  62  6:53  SCV  
  63  7:03  Missile Turret  
  63  7:05  SCV  
  63  7:06  Refinery  
  63  7:07  Refinery, Missile Turret  
  64  7:17  SCV  
  58  7:29  SCV  
  55  7:37  SCV  
  55  7:42  SCV  
  54  7:49  SCV  
  55  7:54  SCV  
  56  8:01  SCV  
  57  8:05  Missile Turret  
  57  8:06  SCV  
  56  8:13  SCV  
  56  8:18  SCV  
  58  8:25  SCV, Missile Turret  
  56  8:30  SCV  
  57  8:37  SCV  
  58  8:42  SCV  
  58  8:47  Siege Tank  
  58  8:48  Widow Mine x2  
  66  8:49  SCV  
  66  8:54  SCV  
  68  9:01  SCV  
  68  9:06  SCV  
  69  9:13  SCV  
  66  9:18  SCV  
  67  9:26  SCV  
  67  9:30  SCV  
  63  9:40  Widow Mine x2, Cyclone  
  63  9:41  Missile Turret  
  70  9:48  Factory  
  70  9:49  Terran Vehicle Weapons Level 1  
  70  9:51  SCV  
  68  9:54  Supply Depot  
  68  9:56  Supply Depot  
  68  9:57  Supply Depot  
  68  10:03  SCV  
  69  10:16  SCV  
  68  10:26  Missile Turret  
  68  10:27  SCV, Command Center  
  68  10:28  SCV  
  70  10:39  SCV  
  70  10:40  SCV  
  72  10:47  Hellion x4, Thor x2  
  72  10:48  Widow Mine x2  
  72  10:49  Drilling Claws  
  88  10:51  SCV  
  88  10:52  SCV, Factory  
  90  11:03  SCV  
  91  11:04  SCV, Missile Turret  
  92  11:15  SCV  
  92  11:16  SCV  
  94  11:22  Supply Depot  
  94  11:24  Supply Depot  
  94  11:39  Widow Mine x2  
  94  11:51  Factory Tech Lab, Thor x2  
  106  12:00  Missile Turret  
  102  12:10  Thor  
  102  12:11  Hellbat x2  
  108  12:49  Orbital Command  
  108  12:53  Missile Turret  
  108  12:54  Missile Turret  
  108  12:55  Refinery  
  108  12:56  Refinery  
  108  13:54  Thor x2  
  108  13:55  Hellbat  
  122  13:59  Thor  
  76  14:33  Hellbat x2  
  76  14:37  Thor x2  
  88  14:42  Hellbat  
  88  14:55  Hellbat  
  88  14:59  Widow Mine  
  92  15:01  Command Center  
  92  15:02  Terran Vehicle And Ship Armor Level 1  
  92  15:03  Missile Turret, Siege Tank  
  92  15:04  Armory  
  92  15:05  Supply Depot  
  95  15:16  Widow Mine  
  95  15:18  Factory  
  95  15:19  Refinery  
  95  15:20  Siege Tank x2  
  105  15:21  Widow Mine  
  96  15:35  Siege Tank  
  96  15:38  Hellbat  
  97  15:43  Hellbat  
  95  15:52  Siege Tank x2  
  95  15:53  Terran Vehicle Weapons Level 2  
  101  16:03  Factory Tech Lab  
  101  16:05  Hellbat x2  
  101  16:07  Thor  
  111  16:15  Planetary Fortress  
  111  16:24  Thor, Hellbat  
  119  16:27  Widow Mine x2  
  119  16:30  Supply Depot  
  119  16:32  Supply Depot  
  123  16:33  Refinery  
  123  16:37  Widow Mine  
  125  16:43  Missile Turret, Supply Depot  
  125  16:45  Siege Tank, Supply Depot  
  128  16:48  Widow Mine  
  128  16:50  Widow Mine, Siege Tank  
  135  16:55  Factory  
  135  16:56  Terran Vehicle And Ship Armor Level 2  
  135  17:02  Siege Tank  
  135  17:06  SCV  
  135  17:07  Widow Mine  
  141  17:16  SCV x3  
  141  17:18  SCV  
  145  17:26  Command Center, Siege Tank x2  
  145  17:27  Widow Mine x2  
  145  17:28  SCV, Siege Tank  
  159  17:30  SCV  
  160  17:38  Siege Tank  
  160  17:41  Factory Reactor  
  160  17:42  Neosteel Armor, SCV  
  166  17:51  Widow Mine x2  
  166  17:54  SCV  
  166  17:58  Thor  
  175  18:00  Supply Depot  
  175  18:21  Thor  
  151  19:22  Hi-Sec Auto Tracking  
  151  19:24  Thor x4  
  157  19:25  Hellbat x3  
  157  19:26  Hellbat  
  181  19:50  Widow Mine x4  
  189  20:06  Thor  
  195  20:07  Widow Mine x2  
  199  20:16  Starport  
  199  20:17  Starport  
  199  20:18  Starport  
Show
View Real Time Build Order
Export as new Build Order

qqq Zerg 

Build Orders: Hatch First 

Get SALT Encoding   

  12  0:00  Drone  
  13  0:09  Drone  
  14  0:17  Overlord  
  14  0:45  Drone  
  15  0:50  Hatchery  
  14  0:57  Drone  
  14  0:58  Drone x2  
  17  1:12  Drone, Extractor  
  17  1:25  Drone, Spawning Pool  
  17  1:32  Drone  
  18  1:48  Drone  
  18  1:54  Drone  
  20  2:16  Lair  
  20  2:17  Queen  
  20  2:19  Drone x4  
  26  2:27  Extractor  
  25  2:30  Roach Warren  
  25  2:31  Drone, Evolution Chamber  
  24  2:38  Overlord  
  24  2:41  Drone  
  25  2:44  Drone  
  26  2:53  Drone x2  
  27  3:06  Queen  
  29  3:15  Tunneling Claws  
  29  3:17  Drone  
  29  3:18  Drone  
  31  3:20  Drone x2  
  31  3:21  Overlord  
  31  3:22  Drone  
  34  3:29  Roach  
  36  3:39  Overlord  
  36  3:41  Roach  
  32  3:51  Drone  
  33  3:57  Roach  
  33  3:58  Drone, Roach x2  
  40  4:10  Drone x2  
  40  4:11  Roach  
  40  4:12  Roach  
  40  4:16  Roach  
  48  4:22  Roach  
  50  4:34  Glial Reconstitution  
  50  4:47  Spire  
  50  4:52  Roach  
  51  4:53  Drone, Overlord  
  51  4:54  Overlord x2  
  52  5:04  Overlord  
  52  5:11  Overlord x2  
  52  5:18  Zerg Ground Armor Level 1  
  52  5:19  Roach  
  55  5:21  Drone  
  55  5:23  Drone  
  55  5:26  Roach  
  58  5:32  Spine Crawler  
  57  5:36  Spore Crawler  
  57  5:41  Drone, Roach  
  59  5:45  Roach  
  61  5:51  Burrow  
  61  5:54  Drone  
  61  5:56  Roach  
  58  6:23  Drone x3, Roach x4  
  58  6:24  Drone x3  
  72  6:29  Drone x3  
  69  6:37  Overseer x2  
  69  6:43  Drone x2, Roach x2  
  69  6:46  Drone  
  76  6:49  Extractor  
  76  6:50  Extractor  
  74  6:58  Spore Crawler x2, Corruptor  
  70  7:16  Corruptor  
  72  7:26  Drone x5  
  77  7:39  Corruptor x2  
  81  7:53  Zerg Flyer Armor Level 1  
  81  7:54  Drone x4  
  85  8:03  Hatchery  
  82  8:20  Corruptor x3  
  88  8:32  Corruptor  
  90  8:34  Roach  
  90  8:35  Drone x2, Roach  
  96  8:44  Roach  
  98  8:49  Drone  
  98  8:51  Hatchery  
  98  8:56  Mutalisk  
  100  9:07  Roach x13  
  100  9:15  Roach  
  100  9:22  Roach  
  84  9:32  Roach  
  70  9:54  Drone  
  70  9:55  Drone x3  
  70  9:56  Corruptor x3  
  70  9:57  Mutalisk x2  
  84  10:08  Mutalisk x3  
  90  10:16  Queen  
  90  10:17  Drone x2  
  94  10:26  Drone x2, Mutalisk x2  
  100  10:29  Zerg Flyer Weapons Level 1  
  100  10:30  Spore Crawler  
  100  10:33  Zergling x6  
  102  10:36  Metabolic Boost  
  102  10:38  Drone, Spore Crawler  
  102  10:39  Drone x2  
  102  10:40  Queen  
  102  10:41  Extractor x2  
  104  10:45  Mutalisk  
  106  10:53  Mutalisk  
  106  10:55  Drone x2, Zergling x4  
  112  11:10  Hatchery, Drone, Infestation Pit  
  112  11:11  Overlord x4  
  111  11:12  Overlord x2  
  111  11:26  Queen  
  101  11:56  Spine Crawler  
  101  11:58  Mutalisk x2, Corruptor  
  101  11:59  Corruptor x2  
  101  12:00  Zergling x6, Roach x2  
  101  12:01  Roach x3  
  116  12:10  Drone x4, Mutalisk  
  122  12:19  Zergling x2  
  122  12:20  Zergling x12  
  129  12:28  Drone  
  129  12:29  Drone x4  
  134  12:39  Drone x2  
  134  12:40  Mutalisk x3, Zergling x4  
  144  12:44  Zerg Melee Weapons Level 1  
  144  12:46  Zergling x4  
  144  12:47  Zergling x8  
  150  12:55  Overseer x3  
  143  13:07  Roach x3  
  143  13:09  Drone, Overlord x2  
  143  13:10  Overlord x7  
  150  13:16  Overlord x2  
  150  13:24  Spine Crawler  
  150  13:26  Queen, Zergling x2  
  150  13:27  Overlord  
  150  13:28  Zergling x6  
  150  13:31  Evolution Chamber  
  150  13:48  Roach x4  
  131  13:49  Roach x4  
  131  13:50  Roach x6  
  153  13:58  Hive  
  129  14:22  Roach x3  
  129  14:23  Roach x3  
  135  14:24  Zerg Ground Armor Level 2  
  135  14:28  Drone x3  
  138  14:44  Roach x3  
  138  14:45  Roach x6  
  152  14:46  Roach x4  
  152  14:47  Zergling x2  
  161  14:53  Mutalisk  
  161  14:55  Drone x2  
  161  14:59  Roach  
  171  15:00  Roach x2  
  161  15:21  Roach x2  
  161  15:22  Roach x3  
  161  15:24  Viper x3  
  176  15:38  Zergling x8  
  176  15:39  Roach x4  
  161  15:56  Zerg Melee Weapons Level 2  
  161  15:58  Baneling Nest  
  161  16:03  Ultralisk Cavern  
  159  16:05  Drone x4, Extractor x2, Overlord x3  
  159  16:07  Zergling x4  
  163  16:24  Hatchery  
  162  16:27  Greater Spire  
  162  16:32  Zergling x4  
  164  16:45  Zergling x6  
  164  16:47  Roach x2  
  171  16:48  Roach x5  
  171  16:49  Drone  
  182  16:57  Spine Crawler  
  182  17:00  Spine Crawler  
  180  17:05  Drone x2  
  180  17:06  Ultralisk x2  
  194  17:17  Anabolic Synthesis  
  194  17:23  Zerg Ground Armor Level 3  
  149  17:54  Ultralisk x3  
  149  17:55  Zergling x6  
  170  18:00  Chitinous Plating  
  170  18:05  Viper  
  166  18:28  Corruptor x2  
  170  18:37  Overlord  
  170  18:39  Zergling x4, Ultralisk x2  
  170  18:40  Zergling x6  
  187  18:44  Brood Lord  
  187  18:47  Drone x3  
  187  18:48  Drone x3  
  152  19:13  Viper  
  152  19:14  Ultralisk  
  152  19:15  Zergling x12  
  152  19:16  Drone  
  160  19:18  Spine Crawler  
  160  19:23  Viper  
  162  19:48  Drone x3  
  162  19:50  Extractor  
  162  19:51  Extractor  
  128  20:24  Brood Lord x5  
  128  20:26  Drone x4  
  128  20:27  Drone x7  
  149  20:29  Drone x4  
  149  20:31  Extractor  
  150  21:03  Brood Lord x2  
  154  21:07  Zergling x4  
  154  21:08  Drone, Zergling x12  
  154  21:09  Zergling x6  
Show
View Real Time Build Order
Export as new Build Order

Massa Terran 

Build Orders: Banshee Rush 

Get SALT Encoding   

  12  0:00  SCV  
  13  0:13  SCV  
  14  0:22  Supply Depot  
  14  0:25  SCV  
  15  0:44  SCV  
  15  0:46  Barracks  
  16  0:50  Refinery  
  16  0:53  Refinery  
  16  0:57  SCV  
  17  1:09  SCV  
  18  1:22  SCV  
  19  1:34  SCV  
  20  1:45  Factory  
  20  1:46  SCV  
  21  1:47  Marine  
  22  1:58  Orbital Command  
  22  2:24  SCV  
  22  2:27  Supply Depot  
  23  2:32  Starport  
  23  2:40  Command Center  
  23  2:49  Hellion  
  25  2:55  Starport  
  25  3:00  SCV  
  26  3:11  Hellion  
  28  3:12  Barracks Reactor  
  28  3:13  Starport Tech Lab, SCV  
  29  3:25  SCV  
  30  3:31  Starport Tech Lab  
  30  3:34  Cloaking Field  
  30  3:51  Banshee  
  30  3:52  Hellion  
  30  3:54  Marine  
  36  4:02  Banshee  
  39  4:10  Orbital Command  
  39  4:12  SCV  
  39  4:13  Hellion  
  40  4:34  Banshee  
  43  4:54  Banshee  
  46  5:12  Supply Depot  
  46  5:13  Supply Depot  
  46  5:15  Marine x2  
  46  5:17  SCV x2  
  46  5:19  Engineering Bay  
  50  5:33  Factory Tech Lab, Marine x2  
  52  5:37  SCV x2  
  54  5:49  SCV x2  
  56  5:51  Marine x2  
  47  6:16  Banshee  
  47  6:17  Banshee  
  42  6:54  Missile Turret x2  
  42  6:55  Missile Turret  
  42  6:56  Missile Turret x2  
  39  7:04  Banshee  
  39  7:05  Banshee  
  42  7:10  Marine x2  
  38  7:28  Marine x2  
  28  7:42  SCV x2  
  27  7:45  Marine  
  27  7:46  Cyclone, Marine  
  27  7:47  Banshee x2  
  38  7:54  SCV  
  40  8:03  Marine  
  40  8:04  Marine  
  28  8:21  Marine  
  21  8:29  SCV  
  19  8:41  SCV  
  19  8:43  Missile Turret  
  19  8:44  Missile Turret  
  19  8:46  Command Center  
  19  8:51  Raven  
  19  8:53  SCV  
  22  9:05  SCV  
  22  9:06  Missile Turret  
  23  9:17  SCV  
  21  9:29  SCV  
  21  9:31  Marine x2  
  24  9:41  SCV  
  25  9:48  Marine  
  25  9:49  Marine  
  27  9:54  SCV  
  27  9:58  Command Center  
  28  10:06  Marine  
  29  10:07  Marine  
  30  10:15  SCV  
  30  10:16  Orbital Command  
  31  10:24  Marine  
  31  10:25  Marine, Missile Turret  
  31  10:27  SCV  
  34  10:39  SCV  
  34  10:42  Marine x2  
  33  10:43  Barracks  
  33  10:47  SCV  
  35  10:51  SCV  
  36  10:59  SCV  
  36  11:00  Marine x2  
  36  11:03  SCV  
  40  11:08  Widow Mine  
  43  11:11  SCV  
  43  11:15  SCV  
  43  11:17  Marine  
  46  11:19  Orbital Command  
  46  11:23  SCV  
  46  11:28  SCV  
  47  11:35  SCV  
  47  11:37  Refinery  
  48  11:40  Refinery, SCV  
  49  11:47  SCV  
  49  11:48  Barracks Tech Lab  
  49  11:49  Missile Turret  
  49  11:52  SCV  
  49  11:53  Marine x2  
  53  11:59  SCV  
  54  12:04  SCV  
  54  12:11  Marine x2, Missile Turret  
  62  12:21  Raven  
  58  12:28  SCV, Marine  
  58  12:29  SCV  
  62  12:34  Marauder, Marine, Stimpack  
  62  12:36  Orbital Command  
  64  12:41  SCV x2  
  66  12:44  Barracks  
  66  12:46  Barracks x2  
  66  12:53  SCV x2  
  66  12:55  Marauder, Terran Infantry Weapons Level 1  
  70  12:58  Armory  
  70  13:05  SCV x2  
  72  13:10  Siege Tank  
  72  13:12  Marine x2  
  77  13:17  Marauder  
  79  13:26  SCV x3  
  82  13:30  Marine x2  
  84  13:38  SCV  
  84  13:40  Missile Turret  
  85  13:41  Barracks Reactor, Barracks Tech Lab  
  85  13:42  Barracks Tech Lab  
  85  13:44  Missile Turret  
  85  13:55  Supply Depot x2  
  85  13:56  Supply Depot  
  85  13:57  Supply Depot  
  85  13:58  SCV, Marauder, Marine x2  
  85  13:59  Supply Depot  
  71  14:06  Missile Turret  
  67  14:12  Marauder x2  
  67  14:16  Marine  
  70  14:20  Marauder  
  70  14:23  Marine x3  
  72  14:33  Marauder x2  
  72  14:34  Marine  
  77  14:41  Marauder, Marine x2  
  75  14:48  Siege Tank  
  75  14:50  Combat Shield  
  75  14:51  Concussive Shells  
  78  14:53  SCV x3  
  78  14:55  Marauder  
  83  15:05  SCV x3  
  86  15:11  Refinery  
  86  15:12  Refinery  
  85  15:16  Marauder x3  
  85  15:17  SCV x2  
  85  15:20  Siege Tank  
  71  15:37  Marauder  
  71  15:38  Marauder, Command Center  
  73  15:50  Starport  
  73  15:51  Starport  
  73  15:52  Siege Tank  
  76  16:06  Command Center  
  76  16:21  Marauder x2  
  76  16:24  Siege Tank  
  83  16:27  Medivac  
  85  16:33  Medivac  
  87  16:40  Medivac  
  89  16:48  Missile Turret  
  89  16:51  SCV  
  90  17:01  Orbital Command  
  90  17:03  SCV  
  90  17:08  Terran Infantry Armor Level 1  
  91  17:10  Terran Vehicle Weapons Level 1  
  91  17:30  Siege Tank  
  79  17:59  Starport Reactor  
  79  18:02  Siege Tank  
  82  18:08  Engineering Bay  
  82  18:12  Orbital Command  
  82  18:13  SCV x3  
  82  18:19  Missile Turret  
  85  18:22  Missile Turret  
  85  18:24  Missile Turret  
  85  18:25  SCV x3  
  88  18:37  SCV  
  88  18:38  Siege Tank  
  89  19:22  Liberator x3  
  89  19:23  Liberator x2  
  104  19:29  Fusion Core  
  89  20:05  Liberator  
  85  20:08  SCV x2  
  87  20:20  SCV x2  
  89  20:24  Command Center  
  89  20:32  SCV x2  
  86  20:47  Siege Tank  
  54  20:53  Marauder x3, Marine x3  
  54  20:54  Marine  
  49  21:10  SCV x2  
  49  21:11  Marine x2  
Tags
 
Add a new tag
Caveats
  • Supply blocks, unpowered buildings, or Contaminate may cause inaccurate times.
  • Supply counts are checked every 10 seconds.